 Dungeon Crawl Stone Soup version 0.29-a0-284-gf9362112df (webtiles) character file.

Game seed: 6106337992784091279

744 RepHenryClay the Cleaver (level 7, -1/75 HPs)
             Began as a Demonspawn Gladiator on Mar 23, 2022.
             Was a Believer of Jiyva.
             Killed from afar by Dowan (11 damage)
             ... with a stone arrow
             ... on level 4 of the Dungeon.
             The game lasted 00:07:46 (4365 turns).

RepHenryClay the Cleaver (Demonspawn Gladiator)     Turns: 4365, Time: 00:07:47

Health: -1/75      AC:  9    Str: 15    XL:     7   Next: 47%
Magic:  7/7        EV: 10    Int:  9    God:    Jiyva [**....]
Gold:   214        SH:  4    Dex: 16    Spells: 6/6 levels left

rFire   . . .      SeeInvis .   a - +0 war axe
rCold   . . .      Faith    .   (no shield)
rNeg    . . .      Spirit   .   u - +0 scale mail
rPois   .          Reflect  .   c - +1 helmet
rElec   .          Harm     .   (no cloak)
rCorr   +          Rampage  .   (no gloves)
Will    .....                   f - +0 pair of boots
Stlth   ..........              (no amulet)
HPRegen 1.18/turn               (no ring)
MPRegen 0.40/turn               (no ring)

@: berserking, lethally poisoned (-1 -> -10), very quick
A: large bone plates 1, demonic guardian 2, powered by pain 1, demonic touch 1
a: Renounce Religion


You were on level 4 of the Dungeon.
You worshipped Jiyva.
Jiyva was pleased with you.
You visited 1 branch of the dungeon, and saw 4 of its levels.
You also visited: Sewer.

You collected 214 gold pieces.

Inventory:

Hand Weapons
 a - a +0 war axe (weapon)
 t - a +2 whip of venom
Missiles
 d - 3 throwing nets (quivered)
 e - a javelin
 q - 2 poisoned darts
Armour
 c - a +1 helmet (worn)
 f - a +0 pair of boots (worn)
 u - a +0 scale mail (worn)
Wands
 b - a wand of flame (19)
Scrolls
 g - a scroll of amnesia
 i - 2 scrolls of teleportation
 r - a scroll of blinking {unknown}
Potions
 j - 2 potions of attraction
 k - a potion of mutation {unknown}
 l - a potion of cancellation {unknown}
 m - a potion of haste {unknown}
 o - 2 potions of brilliance {unknown}
 p - a potion of heal wounds {unknown}
 s - a potion of curing {unknown}


   Skills:
 - Level 2.0 Fighting
 + Level 8.1 Axes
 - Level 1.7 Throwing
 - Level 2.6 Dodging


You had 6 spell levels left.
You didn't know any spells.
Your spell library contained the following spells:

 Spells                   Type           Power      Damage    Failure   Level
 Animate Skeleton         Necr           0%         N/A       86%         1
 Pain                     Necr           0%         1d4       86%         1
 Inner Flame              Hex/Fire       0%         N/A       99%         3
 Vampiric Draining        Necr           0%         2d6       99%         3
 Cause Fear               Hex            0%         N/A       100%        4
 Discord                  Hex            0%         N/A       100%        8


Dungeon Overview and Level Annotations

Branches:
Dungeon (4/15)              Sewer (visited)
 Temple: D:4-7

Altars:
Xom

Annotations:
D:4 Dowan


Innate Abilities, Weirdness & Mutations

You are partially covered in large bone plates. (SH +4)
A demonic guardian rushes to your aid.
You sometimes gain a little power by taking damage.
Your touch may inflict minor irresistible damage on your foes.


Message History

You barely miss Duvessa. Your touch misses Duvessa.
Duvessa is severely wounded.
You feel very sick.
Duvessa hits you with a +2 short sword of venom!
You are more poisoned.
Huge Dmg: -14%(-11hp) hp: 46%(34hp)
You slash Duvessa!
Duvessa is almost dead.
You feel very sick.
Duvessa hits you with a +2 short sword of venom.
* * * LOW HITPOINT WARNING * * *
You are more poisoned.
Huge Dmg: -12%(-9hp) hp: 34%(25hp)
You slash Duvessa!
You kill Duvessa!
Dowan seems overcome with grief.
Dowan seems to find hidden reserves of power!
* * * LOW HITPOINT WARNING * * *
You feel very sick.
Your Axes skill increases to level 8!
Damage: -7%(-5hp) hp: 27%(20hp)
You slash Dowan! Your touch misses Dowan.
Dowan is moderately wounded.
* * * LOW HITPOINT WARNING * * *
You feel very sick. Dowan closely misses you.
Unknown command.
Huge Dmg: -7%(-5hp) hp: 20%(15hp)
You hit Dowan.
Dowan is heavily wounded.
* * * LOW HITPOINT WARNING * * *
You feel very sick. Dowan barely misses you.
Damage: -4%(-3hp) hp: 16%(12hp) Unknown command.
* * * LOW HITPOINT WARNING * * *
You feel very sick. Dowan casts a spell at you. The stone arrow hits you!
You die...

...###...#
#.#.... # ...
#...# ####. #. .
###...### #† #..
#.......# ## #...
#.......# # #..⌠$
#.......# ####
#..$..###.......#
#...
#......e.4......#
# #...
##.....##@......#
#.##... ######
######### #..'...
#####).) #....)(.
#.....## #.....#
#.....# #.....#
#.....#


You could see Dowan (fast, ally target) and a friendly ice devil (summoned).

Vanquished Creatures
  Duvessa (D:4)
  A black bear (D:4)
  A scorpion (D:4)
  A hound (D:4)
  2 jellies (Sewer)
  7 adders
  A gnoll (D:3)
  A river rat (Sewer)
  3 worms
  2 dart slugs
  5 orcs (D:4)
  14 endoplasms
  9 giant cockroaches
  9 goblins
  9 hobgoblins
  3 jackals (D:4)
  8 quokkas
  11 ball pythons
  2 bats
  4 frilled lizards
  2 kobolds
  4 rats
100 creatures vanquished.

Vanquished Creatures (collateral kills)
  Grinder (D:3)
  An adder (D:3)
  4 gnolls
  A ball python (Sewer)
  An endoplasm (Sewer)
  A frilled lizard (Sewer)
  A rat (Sewer)
10 creatures vanquished.

Vanquished Creatures (others)
  5 jellies (D:3)
  3 gnolls (D:3)
  2 dart slugs (D:3)
  An endoplasm (D:3)
  A goblin (D:3)
  A hobgoblin (D:3)
  A ball python (D:3)
14 creatures vanquished.

Grand Total: 124 creatures vanquished

Notes
Turn   | Place    | Note
-------+----------+-------------------------------------------
     0 | D:1      | RepHenryClay the Demonspawn Gladiator began the quest for
                  | the Orb.
     0 | D:1      | Reached XP level 1. HP: 16/16 MP: 1/1
    56 | D:1      | Reached skill level 3 in Axes
    72 | D:1      | Gained mutation: A weak demonic guardian rushes to your
                  | aid. [demonic ancestry]
    72 | D:1      | Reached XP level 2. HP: 16/22 MP: 2/2
   165 | D:1      | Found a faded altar of an unknown god.
   529 | D:1      | Gained mutation: Your touch may inflict minor irresistible
                  | damage on your foes. [demonic ancestry]
   529 | D:1      | Reached XP level 3. HP: 14/27 MP: 3/3
   827 | D:1      | Reached skill level 4 in Axes
  1348 | D:2      | Found a shimmering altar of Xom.
  1745 | D:2      | Gained mutation: A demonic guardian rushes to your aid.
                  | [demonic ancestry]
  1745 | D:2      | Reached XP level 4. HP: 33/33 MP: 4/4
  2117 | D:3      | Noticed Grinder
  2157 | D:3      | Found a glowing drain.
  2192 | Sewer    | Entered a sewer
  2404 | Sewer    | Reached skill level 5 in Axes
  2526 | Sewer    | Gained mutation: You sometimes gain a little power by
                  | taking damage. [demonic ancestry]
  2526 | Sewer    | Reached XP level 5. HP: 21/38 MP: 5/5
  2706 | Sewer    | Found a viscous altar of Jiyva.
  2730 | Sewer    | Became a worshipper of Jiyva Jathrixi the Shapeless
  2978 | D:3      | Reached skill level 6 in Axes
  3086 | D:3      | Gained mutation: You are partially covered in large bone
                  | plates. (SH +4) [demonic ancestry]
  3086 | D:3      | Reached XP level 6. HP: 15/44 MP: 6/6
  3518 | D:3      | Reached * piety under Jiyva
  3547 | D:3      | Killed Grinder
  3548 | D:3      | Reached skill level 7 in Axes
  4120 | D:4      | Reached XP level 7. HP: 50/50 MP: 7/7
  4331 | D:4      | Reached ** piety under Jiyva
  4344 | D:4      | Noticed Dowan
  4344 | D:4      | Noticed Duvessa
  4362 | D:4      | Killed Duvessa
  4363 | D:4      | Reached skill level 8 in Axes
  4365 | D:4      | Killed from afar by Dowan

Illustrated notes

Levels and vault maps discovered:
D:1:      lightli_arrival_lavapool, layout_loops_cross,
          hellmonk_ecumenical_altar_slurped_away, minmay_octomino_j4
D:2:      layout_loops_corners, basic_altar
D:3:      layout_basic, portal_sewer_entry_f, grunt_decor_mini_mirrors,
          uniq_grinder
D:4:      layout_basic, dreamdust_wishing_well, uniq_duvessa

Skill      XL: |  1  2  3  4  5  6  7 |
---------------+----------------------+-----
Axes           | 3 4 5 6 7 8 |  8.1
Fighting       | |  2.0
Throwing       | |  1.7
Dodging        | |  2.6

Action                   |  1- 3 |  4- 6 |  7- 9 || total
-------------------------+-------+-------+-------++-------
Melee: War axe           |   102 |   130 |    44 ||   276
       Touch             |    10 |    23 |     8 ||    41
       Punch             |       |     2 |       ||     2
  Use: Scroll            |       |     6 |       ||     6
       Potion            |       |     1 |     1 ||     2
 Stab: Sleeping          |     2 |       |       ||     2
Armor: Leather armour    |    25 |       |       ||    25
       Ring mail         |    11 |    58 |    12 ||    81
       Scale mail        |       |       |     9 ||     9
Dodge: Dodged            |    67 |    80 |    20 ||   167
Block: Other             |       |     9 |     9 ||    18

Table legend: (Time is in decaauts)
 A = Elapsed time spent in this place.
 B = Non-inter-level travel time spent in this place.
 C = Inter-level travel time spent in this place.
 D = Time resting spent in this place.
 E = Time spent auto-exploring this place.
 F = Levels seen in this place.
 G = Mean time per level.
                   A        B        C        D        E       F      G
               +--------+--------+--------+--------+--------+-----+--------+
         Total |   4458 |   4300 |    158 |    659 |   2865 |   5 |  891.6 |
       Dungeon |   3717 |   3559 |    158 |    368 |   2580 |   4 |  929.2 |
         Sewer |    741 |    741 |      0 |    291 |    284 |   1 |  741.0 |
               +--------+--------+--------+--------+--------+-----+--------+

Top non-repeatable levels by time:
     D:3: 1405 daAuts
     D:1: 1084 daAuts
     D:2: 955 daAuts
   Sewer: 741 daAuts
     D:4: 271 daAuts
